 Dungeon Crawl Stone Soup version 0.26-a0-844-g3dd439832f (webtiles) character file.

Game seed: 596117965941844804

51 snetch the Chopper (level 3, -5/49 HPs)
             Began as a Minotaur Berserker on Nov 18, 2020.
             Was a Follower of Trog.
             Killed by divine providence
             ... invoked by a smoke demon
              (12 damage)
             ... on level 1 of the Abyss.
             The game lasted 00:04:43 (1570 turns).

snetch the Chopper (Minotaur Berserker)             Turns: 1570, Time: 00:04:44

Health: -5/49      AC:  8    Str: 22    XL:     3   Next: 58%
Magic:  2/2        EV: 11    Int:  4    God:    Trog [*.....]
Gold:   65         SH:  0    Dex:  9    Spells: 2/2 levels left

rFire    . . .     SeeInvis .   a - +0 hand axe
rCold    + . .     Faith    .   (no shield)
rNeg     . . .     Spirit   .   l - +2 ring mail {rC+}
rPois    .         Reflect  .   (helmet restricted)
rElec    .         Harm     .   r - +0 cloak
rCorr    .         Rampage  .   (no gloves)
MR       .....                  (no boots)
Stlth    ..........             (no amulet)
HPRegen  0.16/turn              (no ring)
MPRegen  0.08/turn              (no ring)

@: berserking (expiring), very quick
A: retaliatory headbutt, horns 2
a: Berserk, Renounce Religion


You were on level 1 of the Abyss.
You worshipped Trog.
Trog was aware of your devotion.
You visited 1 branch of the dungeon, and saw 3 of its levels.
You visited the Abyss 1 time.

You collected 65 gold pieces.

Inventory:

Hand Weapons
 a - a +0 hand axe (weapon)
Missiles
 b - 13 poisoned darts
 c - 5 boomerangs (quivered)
 e - 43 bolts
 k - 39 arrows
 m - 76 stones
 n - 29 sling bullets
Armour
 l - a +2 ring mail of cold resistance (worn)
 r - a +0 cloak (worn)
Jewellery
 s - an uncursed amulet of magic regeneration {unknown}
Scrolls
 d - 5 scrolls of identify {unknown}
 f - 5 scrolls of teleportation {unknown}
 g - 2 scrolls of enchant weapon {unknown}
 h - a scroll of noise {unknown}
 i - a scroll of fog {unknown}
Potions
 j - a potion of flight {unknown}
 o - a potion of lignification {unknown}
 p - a potion of cancellation {unknown}
 q - a potion of curing


   Skills:
 + Level 4.3 Fighting
 + Level 4.6 Axes
 + Level 2.7 Armour
 + Level 2.6 Dodging


You had 2 spell levels left.
You didn't know any spells.
Your spell library contained the following spells:

 Spells                   Type           Power        Failure   Level
 Magic Dart               Conj           #...         65%         1
 Blink                    Tloc           N/A          80%         2
 Call Imp                 Summ           #.......     80%         2
 Slow                     Hex            #.......     80%         2
 Conjure Flame            Conj/Fire      #.......     95%         3
 Mephitic Cloud           Conj/Pois/Air  #.......     95%         3


Dungeon Overview and Level Annotations

Branches:
Dungeon (3/15)

Altars:
Yredelemnul

Annotations:
D:2 Crazy Yiuf


Innate Abilities, Weirdness & Mutations

You reflexively headbutt those who attack you in melee.
You have a pair of horns on your head.


Message History

You hit the starcursed mass but do no damage.
You headbutt the starcursed mass!
The starcursed mass is moderately damaged.
A starcursed mass splits.
You hit the starcursed mass.
The starcursed mass is moderately damaged.
The starcursed mass shudders and is absorbed by its neighbour.
A smoke demon comes into view.
The smoke demon roars!
The starcursed mass engulfs you but does no damage.
You hit the starcursed mass. You headbutt the starcursed mass!
The starcursed mass is moderately damaged.
A starcursed mass splits.
You slash the starcursed mass!
The starcursed mass is heavily damaged.
You hit the starcursed mass.
The starcursed mass shudders and is absorbed by its neighbour.
The smoke demon gestures at you. Something smites you!
You die...

...## .#.. ...
# .. #.##.
....## ♣ #..♣♣
. ♣ #.@.###.♣
#3X##...#♣♣
#.§♣....'.♣♣♣
#.......#♣..♣
##.♣#..##♣♣♣..
. #.. ♣.♣♣ ♣♣
## #.. ♣ ♣ #.
#


You could see a starcursed mass and a smoke demon.

Vanquished Creatures
  2 adders
  2 leopard geckos
  An orc (D:3)
  A giant cockroach (D:2)
  5 goblins
  8 hobgoblins
  2 jackals (D:3)
  4 bats
  2 frilled lizards
  A rat (D:3)
28 creatures vanquished.

Vanquished Creatures (others)
  A fungus (D:2)
  2 plants (D:1)
3 creatures vanquished.

Grand Total: 31 creatures vanquished

Notes
Turn   | Place    | Note
-------+----------+-------------------------------------------
     0 | D:1      | snetch the Minotaur Berserker began the quest for the Orb.
     0 | D:1      | Reached XP level 1. HP: 19/19 MP: 0/0
   452 | D:1      | Reached XP level 2. HP: 27/27 MP: 1/1
   945 | D:3      | Reached XP level 3. HP: 24/33 MP: 2/2
  1264 | D:2      | Found a basalt altar of Yredelemnul.
  1492 | D:2      | Found a runed translucent door.
  1493 | D:2      | Noticed Crazy Yiuf
  1502 | D:2      | Cast into level 1 of the Abyss (Crazy Yiuf)
  1553 | Abyss:1  | Noticed a starcursed mass
  1568 | Abyss:1  | Noticed a smoke demon
  1570 | Abyss:1  | Killed from afar by a smoke demon

Illustrated notes

Levels and vault maps discovered:
D:1:      kennysheep_arrival_seaside, layout_basic
D:2:      layout_loops_cross, nicolae_overflow_crystal_walls,
          uniq_crazy_yiuf_cottage
D:3:      layout_loops_ring
Abyss:1:  base:
D:1

Skill      XL: |  1  2 |
---------------+-------+-----
Fighting       | 4 |  4.3
Axes           | 4 |  4.6
Armour         | |  2.7
Dodging        | |  2.6

Action                   || total
-------------------------++-------
Melee: Hand axe          ||    85
       Headbutt          ||    18
Invok: Berserk           ||     2
  Use: Potion            ||     1
Armor: Ring mail         ||    36
Dodge: Dodged            ||    48

Table legend: (Time is in decaauts)
 A = Elapsed time spent in this place.
 B = Non-inter-level travel time spent in this place.
 C = Inter-level travel time spent in this place.
 D = Time resting spent in this place.
 E = Time spent auto-exploring this place.
 F = Levels seen in this place.
 G = Mean time per level.
                   A        B        C        D        E       F      G
               +--------+--------+--------+--------+--------+-----+--------+
         Total |   1602 |   1578 |     24 |     56 |    899 |   4 |  400.5 |
       Dungeon |   1527 |   1503 |     24 |      0 |    899 |   3 |  509.0 |
         Abyss |     75 |     75 |      0 |     56 |      0 |   1 |   75.0 |
               +--------+--------+--------+--------+--------+-----+--------+

Top non-repeatable levels by time:
     D:2: 741 daAuts
     D:1: 708 daAuts
     D:3: 77 daAuts
 Abyss:1: 75 daAuts
